 Dungeon Crawl Stone Soup version 0.29-a0-559-g359e09b (webtiles) character file.

Game seed: 6090026694375733491

2667 BingusPrime the Ruffian (level 9, 0/108 HPs)
             Began as a Grey Draconian Transmuter on June 10, 2022.
             Was an Initiate of Qazlal.
             Slain by a gnoll
             ... wielding a +0 flail
             ... led by a gnoll shaman
              (3 damage)
             ... on level 9 of the Dungeon.
             The game lasted 00:39:21 (9058 turns).

BingusPrime the Ruffian (Grey Draconian Transmuter) Turns: 9058, Time: 00:39:21

Health: 0/108      AC: 24    Str: 16    XL:     9   Next: 37%
Magic:  0/17       EV:  2    Int: 14    God:    Qazlal [......]
Gold:   369        SH:  0    Dex: 12    Spells: 15/19 levels left

rFire   + . .      SeeInvis .     - Unarmed
rCold   x . .      Faith    .   (no shield)
rNeg    . . .      Spirit   +   (body armour unavailable)
rPois   +          Reflect  .   (helmet currently unavailable)
rElec   .          Harm     .   (cloak currently unavailable)
rCorr   .          Rampage  .   (gloves currently unavailable)
Will    .....      NoTele   +   (boots currently unavailable)
Stlth   +.........              s - amulet of guardian spirit
HPRegen 0.28/turn               x - ring of poison resistance
MPRegen 0.15/turn               w - ring of fire

@: mighty, tree-form, wereblooded
A: stationary, stasis, torment immunity, boosted hp, AC +12, (amphibious),
unfitting armour, (cold-blooded)
a: Renounce Religion


You were on level 9 of the Dungeon.
You worshipped Qazlal.
Qazlal was noncommittal.
You were a tree.
You visited 2 branches of the dungeon, and saw 10 of its levels.

You collected 369 gold pieces.

Inventory:

Hand Weapons
 D - a +2 whip of electrocution
Missiles
 b - 2 throwing nets
 c - a curare-tipped dart
 d - 11 poisoned darts
 B - a boomerang (quivered)
Armour
 h - a +0 pair of gloves (melded)
 z - a +0 pair of gloves
Jewellery
 f - a ring of resist corrosion
 s - an amulet of guardian spirit (around neck)
 w - a ring of fire (right branch)
 x - a ring of poison resistance (left branch)
Wands
 y - a wand of polymorph (9)
Scrolls
 e - 2 scrolls of identify
 i - a scroll of silence {unknown}
 m - 2 scrolls of noise
 o - a scroll of summoning {unknown}
 q - 3 scrolls of magic mapping
 r - 2 scrolls of enchant weapon {unknown}
 t - 3 scrolls of teleportation
 v - 4 scrolls of fear {unknown}
 A - 3 scrolls of enchant armour {unknown}
 C - 2 scrolls of vulnerability {unknown}
 E - a scroll of poison {unknown}
Potions
 g - a potion of berserk rage
 j - 3 potions of mutation
 k - 2 potions of magic
 l - 2 potions of haste
 n - 3 potions of curing
 p - 2 potions of degeneration
 u - 2 potions of resistance
 G - a potion of flight {unknown}
 H - a potion of brilliance {unknown}


   Skills:
 + Level 4.7 Fighting
 + Level 3.5 Throwing
 + Level 4.1 Dodging
 * Level 6.6 Unarmed Combat
 * Level 5.9 Spellcasting
 * Level 6.4 Transmutations


You had 15 spell levels left.
You knew the following spells:

 Your Spells              Type           Power      Damage    Failure   Level
a - Beastly Appendage     Tmut           44%        N/A       1%          1
b - Wereblood             Tmut           22%        N/A       1%          2
c - Foxfire               Conj/Fire      24%        2x1d5     16%         1

Your spell library contained the following spells:

 Spells                   Type           Power      Damage    Failure   Level
 Spider Form              Tmut/Pois      13%        N/A       13%         3
 Freeze                   Ice            16%        1d4       16%         1
 Slow                     Hex            16%        N/A       16%         1
 Ignite Poison            Fire/Tmut/Pois 15%        N/A       21%         3
 Ice Form                 Ice/Tmut       13%        N/A       38%         4
 Mephitic Cloud           Conj/Pois/Air  4%         N/A       43%         3
 Freezing Cloud           Conj/Ice/Air   2%         6-21      99%         5
 Borgnjor's Revivificati  Necr           2%         N/A       100%        8
 Necromutation            Tmut/Necr      6%         N/A       100%        8
 Death's Door             Necr           2%         N/A       100%        9


Dungeon Overview and Level Annotations

Branches:
Dungeon (8/15)             Temple (1/1) D:6
   Lair: D:8-11

Altars:
Ashenzari
Cheibriados
Dithmenos
Elyvilon
Fedhas
Gozag
Hepliaklqana
Kikubaaqudgha
Makhleb
Nemelex Xobeh
Okawaru
Qazlal
Ru
Sif Muna
Trog
Uskayaw
Vehumet
Wu Jian
Xom
Yredelemnul
Zin
The Shining One
Lugonu

Shops:
D:1 =   D:5 :   D:6 !

Portals:
Abyss: D:3


Innate Abilities, Weirdness & Mutations

You are a tree.
Your roots penetrate the ground, keeping you stationary.
You cannot be teleported.
You are immune to unholy pain and torment.
Your maximum health is greatly increased.
Your equipment is partially melded.
((Your dull iron-grey scales are very hard. (AC +12)))
((You are amphibious.))
You cannot fit into any form of body armour.
((You are cold-blooded and may be slowed by cold attacks.))


Message History

You grow a pair of large bovine horns.
Your feet morph into talons.
The gnoll hits you with a +0 flail. The orc warrior closely misses you.
The gnoll closely misses you.
You barely miss the gnoll. Your kick misses the gnoll. You tail-slap the gnoll.
You feel a bit better.
You kill the gnoll!
Qazlal accepts your kill. The gnoll barely misses you.
You hit the gnoll. Your kick misses the gnoll. You headbutt the gnoll.
The gnoll is almost dead.
The orc priest calls down the wrath of Beogh upon you.
Beogh smites you!
* * * LOW HITPOINT WARNING * * *
The orc warrior hits you with a +0 hand axe.
* * * LOW HITPOINT WARNING * * *
The gnoll closely misses you.
You hear a shout!
Really quaff the potion of lignification?
Your horns disappear.
Your talons disappear.
You turn into a tree.
Your +0 pair of gloves melds into your body.
Your roots penetrate the ground.
The gnoll hits you but does no damage. x2
The orc warrior hits you but does no damage.
You hit the gnoll but do no damage.
The gnoll is almost dead.
The gnoll hits you but does no damage.
The orc warrior hits you with a +0 hand axe!
* * * LOW HITPOINT WARNING * * *
The gnoll hits you but does no damage.
An orc comes into view. It is wielding a +0 hand axe.
The gnoll hits you but does no damage.
You feel better. The gnoll hits you but does no damage.
The orc warrior hits you with a +0 hand axe.
* * * LOW HITPOINT WARNING * * *
The gnoll hits you with a +0 flail.
* * * LOW HITPOINT WARNING * * *
It was a potion of might.
You feel very mighty all of a sudden. The gnoll hits you with a +0 flail.
You die...

## ##### ... #...######
##.
..#######...##...#.... .
..o.................
....##g###...o.......#
......g♣ooo...#...####
############'###o.....<.
#.....#....#####
#..#..##.#o#
#.##..##.o.# #.
#..##...8 # #..##...oo
........8.. #####.


You could see 2 orc warriors, an orc priest, 2 gnolls and 2 orcs.

Vanquished Creatures
  Joseph (D:8)
  Maggie (D:7)
  A hornet (D:7)
  A water moccasin (D:7)
  An orc warrior (D:5)
  A black bear (D:4)
  An ice beast (D:5)
  A sky beast (D:7)
  2 phantoms
  2 bullfrogs (D:8)
  A necrophage (D:4)
  2 scorpions
  3 killer bees (D:6)
  4 hounds
  2 jellies
  2 orc priests (D:5)
  A gnoll shaman (D:9)
  5 iguanas
  3 orc wizards
  Robin (D:2)
  4 gnolls
  9 adders
  2 river rats (D:6)
  2 white imps
  2 ufetubi
  4 worms
  A dart slug (D:1)
  23 orcs
  7 ball pythons
  6 bats
  6 endoplasms
  5 giant cockroaches
  6 hobgoblins
  4 quokkas
  4 frilled lizards
  18 goblins
  4 kobolds
  8 rats
  A lurking horror (D:3)
152 creatures vanquished.

Vanquished Creatures (others)
  9 foxfires
9 creatures vanquished.

Grand Total: 161 creatures vanquished

Notes
Turn   | Place    | Note
-------+----------+-------------------------------------------
     0 | D:1      | BingusPrime the Draconian Transmuter began the quest for
                  | the Orb.
     0 | D:1      | Reached XP level 1. HP: 16/16 MP: 3/3
   456 | D:1      | Reached XP level 2. HP: 23/23 MP: 5/5
   469 | D:1      | Found Maebeodd's Jewellery Shoppe.
  1215 | D:2      | Found a faded altar of an unknown god.
  1219 | D:2      | Learned a level 2 spell: Wereblood
  1236 | D:2      | Reached XP level 3. HP: 15/28 MP: 1/6
  1514 | D:2      | Noticed Robin
  1525 | D:2      | Killed Robin
  1796 | D:2      | Reached XP level 4. HP: 35/36 MP: 5/7
  2151 | D:3      | Found a one-way gate to the infinite horrors of the Abyss.
  2153 | D:3      | Found a corrupted altar of Lugonu.
  3153 | D:4      | Identified the +4 ring mail of the New World {rElec rCorr
                  | Int+2}
  3226 | D:4      | Noticed a necrophage
  3244 | D:4      | Killed a necrophage
  3245 | D:4      | Reached skill level 1 in Throwing
  3245 | D:4      | Reached XP level 5. HP: 28/41 MP: 6/9
  3736 | D:4      | Reached XP level 6. HP: 22/48 MP: 8/10
  4616 | D:5      | Entered Level 5 of the Dungeon
  4802 | D:5      | Your scales start taking on a dull iron-grey colour.
  4802 | D:5      | Reached XP level 7. HP: 49/56 MP: 9/12
  5774 | D:5      | Found Cyidal's Book Shop.
  5918 | D:5      | Reached skill level 5 in Unarmed Combat
  6039 | D:5      | Reached XP level 8. HP: 62/63 MP: 12/14
  6172 | D:6      | Found Xuitryq's Distillery.
  6233 | D:6      | Reached skill level 5 in Transmutations
  6709 | D:6      | Found a staircase to the Ecumenical Temple.
  7124 | Temple   | Entered the Ecumenical Temple
  7554 | D:7      | Reached skill level 5 in Spellcasting
  7756 | D:7      | Found a stormy altar of Qazlal.
  7759 | D:7      | Noticed Maggie
  7778 | D:7      | Became a worshipper of Qazlal Stormbringer
  7881 | D:7      | Killed Maggie
  8182 | D:7      | Noticed a hornet
  8197 | D:7      | Killed a hornet
  8198 | D:7      | Reached XP level 9. HP: 57/72 MP: 12/17
  8639 | D:8      | Noticed Joseph
  8663 | D:8      | Killed Joseph
  8990 | D:8      | Got An Introduction to Sorcery
  8993 | D:8      | Learned a level 1 spell: Foxfire
  9007 | D:8      | You fall into a shaft and drop 1 floor!
  9057 | D:9      | HP: 3/108 [gnoll/+0 flail[a gnoll shaman] (6)]
  9058 | D:9      | Slain by a gnoll

Illustrated notes

Levels and vault maps discovered:
D:1:      dpeg_arrival_round_b, layout_rooms, serial_shops, shop
D:2:      layout_loops_ring, hellmonk_ecumenical_altar_blasted, corexii_shack,
          uniq_robin
D:3:      layout_basic, amcnicky_altar_lugonu_corruption
D:4:      layout_layer_cave, minmay_starry_boxes
D:5:      layout_loops_ring, serial_shops, nicolae_square_shop
D:6:      lemuel_ice_spiral_2, layout_basic, minmay_temple_entry_glassed_door,
          portal_sewer_entry_e, serial_shops, nicolae_shop_waterfront
D:7:      layout_basic, nicolae_overflow_crystal_walls, uniq_maggie
D:8:      minmay_distorted_concentric_squares, layout_gridville,
          lair_entry_dummy, uniq_joseph
D:9:      nzn_winding_woodlands_stair_cross
          [nzn_winding_woodlands_5x15_longhouse,
          nzn_winding_woodlands_center_diamonds,
          nzn_winding_woodlands_5x15_cabin, nzn_winding_woodlands_5x5_cross,
          nzn_winding_woodlands_5x5_three, nzn_winding_woodlands_5x15_crooked,
          nzn_winding_woodlands_center_lodge,
          nzn_winding_woodlands_5x15_parted], layout_basic, david_orc_5,
          minmay_gold_behind_fungi, uniq_prince_ribbit1
Temple:   nicolae_temple_the_god_donut

Skill      XL: |  1  2  3  4  5  6  7  8  9 |
---------------+----------------------------+-----
Dodging        | 2 3 4 |  4.1
Transmutations | 3 4 6 |  6.4
Fighting       | 2 3 4 |  4.7
Throwing       | 1 2 3 |  3.5
Spellcasting   | 3 4 5 |  5.9
Unarmed Combat | 4 5 6 |  6.6

Action                   |  1- 3 |  4- 6 |  7- 9 || total
-------------------------+-------+-------+-------++-------
Melee: Unarmed           |    73 |   142 |   263 ||   478
       Kick              |     6 |    34 |    46 ||    86
       Tailslap          |     5 |    19 |    44 ||    68
       Headbutt          |    11 |    16 |    35 ||    62
       Punch             |       |     2 |     7 ||     9
Throw: Dart              |    34 |    30 |     3 ||    67
       Boomerang         |       |     9 |    68 ||    77
       Throwing net      |       |     1 |     1 ||     2
 Cast: Beastly Appendage |    16 |    25 |    22 ||    63
       Wereblood         |     4 |     5 |    12 ||    21
       Foxfire           |       |       |     5 ||     5
  Use: Scroll            |     2 |     6 |     2 ||    10
       Potion            |       |       |     5 ||     5
 Stab: Sleeping          |       |       |     1 ||     1
Armor: Skin              |    19 |    47 |   122 ||   188
Dodge: Dodged            |    37 |    87 |   203 ||   327

Table legend: (Time is in decaauts)
 A = Elapsed time spent in this place.
 B = Non-inter-level travel time spent in this place.
 C = Inter-level travel time spent in this place.
 D = Time resting spent in this place.
 E = Time spent auto-exploring this place.
 F = Levels seen in this place.
 G = Mean time per level.
                   A        B        C        D        E       F      G
               +--------+--------+--------+--------+--------+-----+--------+
         Total |   9030 |   8252 |    778 |   2336 |   4715 |  10 |  903.0 |
       Dungeon |   8736 |   8250 |    486 |   2336 |   4715 |   9 |  970.7 |
        Temple |    294 |      2 |    292 |      0 |      0 |   1 |  294.0 |
               +--------+--------+--------+--------+--------+-----+--------+

Top non-repeatable levels by time:
     D:4: 1677 daAuts
     D:5: 1529 daAuts
     D:1: 1108 daAuts
     D:6: 1078 daAuts
     D:7: 982 daAuts
     D:2: 941 daAuts
     D:3: 878 daAuts
     D:8: 492 daAuts
  Temple: 294 daAuts
     D:9: 48 daAuts
